cohdb
Replays
Latest Replays
All Replays
Popular Replays
Top Player Replays
Match Explorer
How It Works
Community
CoH3 Stats
Reddit
Sign in to upload your games and track your stats! →
Sign in with Steam
Match 37997354
Unlisted
Match 37997354
Overview
Messages
Build Orders
End
Kettenkrad Recon Vehicle
Construct Infanterie Kompanie
Selects Mechanized Battlegroup
Grenadier Squad
Grenadier Squad
MG 42 Machine Gun Team
GrW 34 Mortar Team
Construct Luftwaffe Kompanie
221 Scout Car
Flak 30 Anti-aircraft Gun Team
Jäger Squad
Medical Station
Selects Raid Package
Construct Panzer Kompanie
Selects 8 Rad Armored Car
Stoßtruppen Squad
Selects UNKNOWN (2160084)
Panther Heavy Tank
Selects Mobile Repair Stations
Panther Heavy Tank
Pioneer Squad
Support Elements
Selects Wespe Self-propelled Artillery
Selects Mechanized Assault
Marder III M Tank Destroyer
Marder III M Tank Destroyer
Marder III M Tank Destroyer
MG 42 Machine Gun Team
sharpshooter
pensss
Hydra7-1
Ghost
0
0
Comments
sign in to comment!
No comments posted yet!